 Dungeon Crawl Stone Soup version 0.28-a0-537-g3bccd9ccbf (webtiles) character file.

Game seed: 3170127653440297985

63 siradein the Skirmisher (level 4, -2/40 HPs)
             Began as a Hill Orc Fighter on Sept 28, 2021.
             Killed from afar by an orc wizard (6 damage)
             ... with a puff of flame
             ... on level 3 of the Dungeon.
             The game lasted 00:05:20 (1851 turns).

siradein the Skirmisher (Hill Orc Fighter)          Turns: 1851, Time: 00:05:20

Health: -2/40      AC:  6    Str: 18    XL:     4   Next: 10%
Magic:  5/5        EV:  9    Int:  8    God:
Gold:   43         SH:  4    Dex: 11    Spells: 3/3 levels left

rFire   . . .      SeeInvis .   a - +0 war axe
rCold   . . .      Faith    .   c - +0 buckler
rNeg    . . .      Spirit   .   b - +0 scale mail
rPois   .          Reflect  .   (no helmet)
rElec   .          Harm     .   (no cloak)
rCorr   .          Rampage  .   (no gloves)
Will    .....                   (no boots)
Stlth   ..........              (no amulet)
HPRegen 0.13/turn               (no ring)
MPRegen 0.09/turn               (no ring)

@: mighty
A: no striking features
a: no special abilities


You were on level 3 of the Dungeon.
You visited 1 branch of the dungeon, and saw 3 of its levels.

You collected 43 gold pieces.

Inventory:

Hand Weapons
 a - a +0 war axe (weapon)
Missiles
 e - a throwing net
 g - 60 stones (quivered)
 k - 15 poisoned darts
 m - 5 boomerangs of dispersal
Armour
 b - a +0 scale mail (worn)
 c - a +0 buckler (worn)
Scrolls
 f - a scroll of teleportation {unknown}
 l - a scroll of fear {unknown}
 o - a scroll of amnesia {unknown}
Potions
 d - a potion of might
 h - a potion of attraction
 i - 4 potions of curing
 j - 4 potions of invisibility


   Skills:
 + Level 4.1 Fighting
 + Level 3.1 Axes
 + Level 0.8 Throwing
 + Level 3.5 Armour
 + Level 3.5 Shields
 + Level 1.9 Invocations
 + Level 1.2 Evocations


You had 3 spell levels left.
You didn't know any spells.
Your spell library was empty.

Dungeon Overview and Level Annotations

Branches:
Dungeon (3/15)

Altars:


Message History

You are too injured to fight recklessly!
You barely miss something. Something hits you.
You hear some strange, mumbled words.
Something tries to affect you, but you resist.
You miss something. Something hits you but does no damage.
You barely miss something.
You hear some strange, mumbled words.
Something tries to affect you, but you resist.
You barely miss something. You block something's attack.
Something hits you but does no damage.
You closely miss something. Something hits you but does no damage.
You closely miss something. Something hits you.
You closely miss something. Something hits you.
* * * LOW HITPOINT WARNING * * *
Something hits you.
* * * LOW HITPOINT WARNING * * *
You miss something. Something hits you.
* * * LOW HITPOINT WARNING * * *
You miss something. Something hits you but does no damage.
Your scale mail prevents you from hitting something.
Something completely misses you.
You hit something but do no damage.
You hear some strange, mumbled words.
Something tries to affect you, but you resist.
Something hits you.
* * * LOW HITPOINT WARNING * * *
You barely miss something.
You hear some strange, mumbled words.
Something tries to affect you, but you resist.
You feel very mighty all of a sudden. Something hits you.
* * * LOW HITPOINT WARNING * * *
You miss something.
Something hits you but does no damage. x2
You miss something.
An orc wizard appears from thin air!
Reactivating autopickup.
The orc wizard closely misses you.
You barely miss the orc wizard.
The orc wizard points at you and mumbles some strange words.
The puff of flame hits you.
You die...

#......# #....?.
#....>. .......
#...... .......
##......
##.......
#......#
#.......
#......# #....#
#......###o...#
#.......@oo../+
#......###o...#
#......###....#
#........#....#
#........#....#
#........###....
####)....# .....
###.....# .....#
#.......# .....#


You could see an orc wizard and 3 orcs.

Vanquished Creatures
  2 adders (D:2)
  A worm (D:2)
  An orc (D:3)
  3 ball pythons
  7 bats
  3 endoplasms
  3 giant cockroaches
  3 goblins
  3 hobgoblins
  2 quokkas (D:1)
  3 frilled lizards
  4 kobolds
  4 rats
39 creatures vanquished.

Notes
Turn   | Place    | Note
-------+----------+-------------------------------------------
     0 | D:1      | siradein the Hill Orc Fighter began the quest for the Orb.
     0 | D:1      | Reached XP level 1. HP: 19/19 MP: 1/1
    86 | D:1      | Reached skill level 1 in Invocations
    86 | D:1      | Reached XP level 2. HP: 17/27 MP: 2/2
   699 | D:1      | Reached XP level 3. HP: 33/33 MP: 3/3
   856 | D:2      | Reached skill level 1 in Evocations
   920 | D:2      | Reached skill level 4 in Fighting
  1748 | D:3      | Reached XP level 4. HP: 36/40 MP: 5/5
  1851 | D:3      | Killed from afar by an orc wizard

Illustrated notes

Levels and vault maps discovered:
D:1:      minmay_arrival_wavy_path, layout_basic
D:2:      layout_basic
D:3:      layout_basic, uniq_sigmund

Skill      XL: |  1  2  3 |
---------------+----------+-----
Invocations    | 1 |  1.9
Evocations     | 1 |  1.2
Fighting       | 4 |  4.1
Axes           | 3 |  3.1
Throwing       | |  0.8
Armour         | |  3.5
Shields        | |  3.5

Action                   |  1- 3 |  4- 6 || total
-------------------------+-------+-------++-------
Melee: War axe           |    88 |    48 ||   136
Throw: Stone             |     9 |       ||     9
  Use: Scroll            |     3 |       ||     3
       Potion            |       |     1 ||     1
Armor: Scale mail        |    44 |    26 ||    70
Dodge: Dodged            |    48 |    14 ||    62
Block: Buckler           |    21 |    13 ||    34

Table legend: (Time is in decaauts)
 A = Elapsed time spent in this place.
 B = Non-inter-level travel time spent in this place.
 C = Inter-level travel time spent in this place.
 D = Time resting spent in this place.
 E = Time spent auto-exploring this place.
 F = Levels seen in this place.
 G = Mean time per level.
                   A        B        C        D        E       F      G
               +--------+--------+--------+--------+--------+-----+--------+
         Total |   1900 |   1817 |     83 |      0 |   1499 |   3 |  633.3 |
       Dungeon |   1900 |   1817 |     83 |      0 |   1499 |   3 |  633.3 |
               +--------+--------+--------+--------+--------+-----+--------+

Top non-repeatable levels by time:
     D:2: 915 daAuts
     D:1: 826 daAuts
     D:3: 158 daAuts
